 Dungeon Crawl Stone Soup version 0.30-a0-722-g3e6e8c874d (webtiles) character file.

Game seed: 6823421536573889899

375 Darius099 the Ruffian (level 6, -4/59 HPs)
             Began as a Troll Monk on Jan 28, 2023.
             Was a Priest of Okawaru.
             Slain by a gnoll
             ... wielding a +0 halberd
              (11 damage)
             ... on level 4 of the Dungeon.
             The game lasted 00:04:31 (2442 turns).

Darius099 the Ruffian (Troll Monk)                  Turns: 2442, Time: 00:04:32

Health: -4/59      AC:  4    Str: 20    XL:     6   Next: 44%
Magic:  5/5        EV: 10    Int:  6    God:    Okawaru [***...]
Gold:   230        SH:  0    Dex: 14    Spells: 5/5 levels left

rFire   . . .      SeeInvis .      - Unarmed
rCold   . . .      Faith    .    (no shield)
rNeg    . . .      Spirit   .    a - +0 robe
rPois   .          Reflect  .    (helmet restricted)
rElec   .          Harm     .    (no cloak)
rCorr   .          Rampage  .    (gloves unavailable)
Will    .....                    (boots unavailable)
Stlth   ++                       (no amulet)
HPRegen 1.09/turn                (no ring)
MPRegen 0.09/turn                (no ring)

@: no status effects
A: large, unfitting armour, claws 3, regeneration 1, shaggy fur 1, tough skin 1
a: Renounce Religion, Heroism


You were on level 4 of the Dungeon.
You worshipped Okawaru.
Okawaru was most pleased with you.
You visited 1 branch of the dungeon, and saw 4 of its levels.

You collected 230 gold pieces.

Inventory:

Armour
 a - a +0 robe (worn)
Jewellery
 o - a ring of wizardry
Scrolls
 e - 6 scrolls of teleportation {unknown}
 f - 3 scrolls of identify {unknown}
 g - a scroll of enchant armour {unknown}
 m - a scroll of summoning {unknown}
 n - 2 scrolls of amnesia {unknown}
 p - a scroll of poison {unknown}
 q - a scroll of fog {unknown}
 r - a scroll of vulnerability {unknown}
 t - a scroll of torment {unknown}
Potions
 b - a potion of ambrosia
 c - 2 potions of curing {unknown}
 d - 2 potions of degeneration {unknown}
 h - a potion of haste {unknown}
 i - a potion of heal wounds {unknown}
 j - 4 potions of flight {unknown}
 k - a potion of attraction {unknown}
 l - a potion of mutation {unknown}
 s - a potion of resistance {unknown}


   Skills:
 - Level 2.4 Fighting
 - Level 2.4 Dodging
 - Level 1.0 Stealth
 + Level 7.3 Unarmed Combat


You had 5 spell levels left.
You didn't know any spells.
Your spell library contained the following spells:

 Spells                   Type           Power      Damage    Failure   Level
 Kiss of Death            Conj/Necr      0%         2d5       45%         1
 Confusing Touch          Hex            0%         N/A       83%         3
 Portal Projectile        Hex/Tloc       0%         N/A       83%         3
 Dispel Undead            Necr           0%         3d6       99%         4
 Blade Hands              Tmut           0%         N/A       100%        5
 Tukima's Dance           Hex            Unusable   N/A       N/A         3

Dungeon Overview and Level Annotations

Branches:
Dungeon (4/15)
 Temple: D:4-7

Altars:
Okawaru

Shops:
D:3 [=


Innate Abilities, Weirdness & Mutations

You are too large for most types of armour.
You have claws for hands.
Your natural rate of healing is unusually fast.
You are covered in fur. (AC +1)
You have tough skin. (AC +1)


Message History

Unknown command.
There are monsters nearby!
Unknown command.
There are monsters nearby!
Unknown command.
There are monsters nearby!
Unknown command.
Unknown command.
Unknown command.
Unknown command.
Unknown command.
The gnoll attacks as you move away! The gnoll hits you but does no damage.
The gnoll hits you from afar with a +0 spear.
The gnoll attacks as you move away! The gnoll hits you with a +0 club.
* * * LOW HITPOINT WARNING * * *
The gnoll attacks as you move away! The gnoll hits you with a +0 club.
* * * LOW HITPOINT WARNING * * *
The gnoll throws a poisoned dart.
The poisoned dart closely misses you. The gnoll misses you.
The gnoll hits you with a +0 club.
* * * LOW HITPOINT WARNING * * *
You scratch the gnoll.
The gnoll is heavily wounded.
The gnoll closely misses you. The gnoll hits you but does no damage.
You scratch the gnoll.
The gnoll is heavily wounded.
The gnoll closely misses you. The gnoll barely misses you.
You claw the gnoll!
You kill the gnoll!
Okawaru accepts your kill.
The gnoll hits you from afar with a +0 spear.
* * * LOW HITPOINT WARNING * * *
Your life force feels restored.
The gnoll closely misses you. The gnoll hits you with a +0 spear.
* * * LOW HITPOINT WARNING * * *
The gnoll hits you from afar with a +0 spear.
* * * LOW HITPOINT WARNING * * *
Items here: ! ( ) [.
You barely miss the gnoll.
The gnoll hits you from afar with a +0 halberd!
You die...

.. #.###.###...........#.#.... ..
###.#...รท.....#.........#....
#.....##.#...#.........##....
#.........#..##.........##....
#....##.####...##..........#.8.8
...... ..###...###..........#####
##.....####..#.# #.........##....
...#.#.......#.####.......###....
...#.#..........@gg........##....
.. #.......#####g........##)...
#........ #...............
#.......## #.........##....
.........# ................
.........# #...............
###....## #............... ####.
................ #...............


You could see 3 gnolls.

Vanquished Creatures
  A phantom (D:4)
  An orc priest (D:4)
  Terence (D:2)
  3 orc wizards (D:4)
  4 gnolls
  3 adders
  A worm (D:2)
  2 dart slugs
  9 orcs
  10 ball pythons
  9 bats
  4 endoplasms
  2 giant cockroaches (D:1)
  13 goblins
  7 hobgoblins
  3 jackals (D:1)
  2 quokkas (D:1)
  2 frilled lizards
  9 kobolds
  3 rats
89 creatures vanquished.

Notes
Turn   | Place    | Note
-------+----------+-------------------------------------------
     0 | D:1      | Darius099 the Troll Monk began the quest for the Orb.
     0 | D:1      | Reached XP level 1. HP: 22/22 MP: 0/0
   107 | D:1      | Reached XP level 2. HP: 27/29 MP: 1/1
   127 | D:1      | Found a faded altar of an unknown god.
   328 | D:1      | Reached skill level 4 in Unarmed Combat
   574 | D:1      | Reached XP level 3. HP: 36/36 MP: 2/2
   746 | D:1      | Prayed at the altar of an unknown god.
   746 | D:1      | Became a worshipper of Warmaster Okawaru
   746 | D:1      | Reached * piety under Okawaru
   746 | D:1      | Reached ** piety under Okawaru
   880 | D:2      | Noticed Terence
   891 | D:2      | Killed Terence
   919 | D:2      | Reached *** piety under Okawaru
   920 | D:2      | Reached skill level 5 in Unarmed Combat
   920 | D:2      | Reached XP level 4. HP: 40/44 MP: 3/3
  1465 | D:3      | Reached XP level 5. HP: 43/50 MP: 4/4
  1681 | D:3      | Found Vumotics's Armour Shoppe.
  1698 | D:3      | Identified the +0 chain mail of Omission {+Inv rF+ Str-5}
  1738 | D:3      | Found Healey's Jewellery Shoppe.
  2112 | D:4      | Noticed a phantom
  2124 | D:4      | Killed a phantom
  2125 | D:4      | Reached skill level 6 in Unarmed Combat
  2263 | D:4      | Reached XP level 6. HP: 58/59 MP: 5/5
  2268 | D:4      | Reached skill level 7 in Unarmed Combat
  2442 | D:4      | Slain by a gnoll

Illustrated notes

Levels and vault maps discovered:
D:1:      lightli_arrival_flooded_house, layout_loops_cross,
          shapermc_ecumenical_altar_acropolis, nicolae_figureground_sparkle
D:2:      layout_basic, uniq_terence
D:3:      layout_basic, serial_shops, nicolae_shop_stone, shop
D:4:      kennysheep_the_goblin_king, layout_rooms, temple_fountains

Skill      XL: |  1  2  3  4  5  6 |
---------------+-------------------+-----
Unarmed Combat | 4 5 6 7 |  7.3
Fighting       | |  2.4
Dodging        | |  2.4
Stealth        | |  1.0

Action                     |  1- 3 |  4- 6 || total
---------------------------+-------+-------++-------
  Melee: Unarmed           |    86 |   147 ||   233
         Punch             |       |     6 ||     6
   Stab: Sleeping          |     5 |     2 ||     7
 Armour: Robe              |    37 |    57 ||    94
  Dodge: Dodged            |    42 |    75 ||   117

Table legend: (Time is in decaauts)
 A = Elapsed time spent in this place.
 B = Non-inter-level travel time spent in this place.
 C = Inter-level travel time spent in this place.
 D = Time resting spent in this place.
 E = Time spent auto-exploring this place.
 F = Levels seen in this place.
 G = Mean time per level.
                   A        B        C        D        E       F      G
               +--------+--------+--------+--------+--------+-----+--------+
         Total |   2418 |   2352 |     66 |      0 |   1769 |   4 |  604.5 |
       Dungeon |   2418 |   2352 |     66 |      0 |   1769 |   4 |  604.5 |
               +--------+--------+--------+--------+--------+-----+--------+

Top non-repeatable levels by time:
     D:1: 751 daAuts
     D:3: 666 daAuts
     D:2: 569 daAuts
     D:4: 430 daAuts
